 Dungeon Crawl Stone Soup version 0.15.0-14-g6bbbb5c (webtiles) character file.

102 Antioch the Gusty (level 4, -3/27 HPs)
             Began as a High Elf Air Elementalist on Sept 5, 2014.
             Killed from afar by an orc wizard (8 damage)
             ... with a puff of flame
             ... on Level 2 of the Dungeon.
             The game lasted 00:08:13 (2659 turns).

Antioch the Gusty (High Elf Air Elementalist)       Turns: 2659, Time: 00:08:15

HP  -3/27        AC  4     Str  7      XL: 4   Next: 50%
MP   0/11        EV 12     Int 20      God:
Gold 53          SH  0     Dex 15      Spells:  3 memorised,  2 levels left

rFire  . . .     SeeInvis .     i - +0 dagger (curse)
rCold  . . .     Clarity  .     a - +0 robe
rNeg   . . .     rCorr    +     (no shield)
rPois  .         rRot     .     (no helmet)
rElec  .         Spirit   .     f - +0 cloak
SustAb .         Warding  .     q - +0 pair of gloves
rMut   .         Stasis   .     (no boots)
Gourm  .                        g - amulet of resist corrosion
MR     .....                    (no ring)
                                (no ring)

@: not resistant to hostile enchantments, unstealthy
A: no striking features
a: no special abilities


You were on level 2 of the Dungeon.
You were near starving.

You visited 1 branch of the dungeon, and saw 3 of its levels.

You collected 53 gold pieces.

Inventory:

Hand weapons
 i - a cursed +0 dagger (weapon)
 p - a +0 scimitar
Armour
 a - a +0 robe (worn)
 f - a +0 cloak (worn)
 q - a +0 pair of gloves (worn)
Comestibles
 c - 4 bread rations
 h - a slice of pizza
Scrolls
 d - a scroll of teleportation {unknown}
 j - 2 scrolls of fear
 m - a scroll of identify {unknown}
 n - a scroll of magic mapping {unknown}
 o - a scroll of fog {unknown}
Jewellery
 g - an amulet of resist corrosion (around neck)
Potions
 e - a potion of flight {unknown}
 k - a potion of haste {unknown}
 l - a potion of brilliance
 r - a potion of beneficial mutation {unknown}
Books
 b - a book of Air

   Spells                             Type                      Level
   *Shock                             Conjuration/Air              1
   *Swiftness                         Charms/Air                   2
   Repel Missiles                     Charms/Air                   2
   Flight                             Charms/Air                   3
   *Static Discharge                  Conjuration/Air              3
   Lightning Bolt                     Conjuration/Air              5


   Skills:
 + Level 0.4 Fighting
 - Level 2.2 Dodging
 - Level 2.2 Stealth
 + Level 0.1 Unarmed Combat
 - Level 2.5 Spellcasting
 * Level 2.9 Conjurations
 + Level 5.3 Air Magic


You had 2 spell levels left.
You knew the following spells:

 Your Spells              Type           Power        Failure   Level  Hunger
a - Shock                 Conj/Air       ###.         2%          1    None
b - Swiftness             Chrm/Air       ##......     10%         2    ##.....
c - Static Discharge      Conj/Air       ###.....     10%         3    ###....


Dungeon Overview and Level Annotations

Branches:
Dungeon (3/15)

Altars:
Dithmenos

Annotations:
D:1 exclusion: downstairs
D:2 exclusion: downstairs


Message History

You hit something but do no damage.
You hear some strange, mumbled words.
The magic dart hits you!
Casting: Shock
Confirm with . or Enter, or press ? or * to list all spells.
Aiming: Shock
Press: ? - help, Shift-Dir - straight line Something hits you. x2
You miss something.
You hear some strange, mumbled words.
A puff of flame appears from out of thin air!
The puff of flame misses you.
You closely miss something.
You hear some strange, mumbled words.
The puff of flame hits you!
* * * LOW HITPOINT WARNING * * *
You hear some strange, mumbled words.
A puff of flame appears from out of thin air!
The puff of flame hits you!
You die...

#.##.# .....#
.....##############
..................#
....############.##
.........# #.#
....####.# #.#
....# #.# #.# ....#
#.# #@# ...## #.#
#.# ...# #.# #.#
...# #.# #.#
...#####.# #.#
.......#.#######.#
.......#.........#
.......#########.#
.......# ###


There were no monsters in sight!

Vanquished Creatures
  An orc priest (D:3)
  2 adders (D:2)
  4 giant geckos
  2 orcs (D:3)
  2 giant cockroaches
  8 hobgoblins
  8 bats
  2 giant newts (D:1)
  4 goblins
  4 jackals (D:1)
  6 kobolds
  4 rats (D:2)
47 creatures vanquished.

Notes
Turn   | Place    | Note
--------------------------------------------------------------
     0 | D:1      | Antioch, the High Elf Air Elementalist, began the quest for the Orb.
     0 | D:1      | Reached XP level 1. HP: 11/11 MP: 4/4
   150 | D:1      | Reached skill level 4 in Air Magic
   195 | D:1      | Reached XP level 2. HP: 17/17 MP: 3/6
   741 | D:1      | Learned a level 2 spell: Swiftness
  1330 | D:1      | Reached XP level 3. HP: 21/21 MP: 5/8
  1959 | D:2      | Learned a level 3 spell: Static Discharge
  2060 | D:2      | Found a shadowy altar of Dithmenos.
  2237 | D:2      | Reached skill level 5 in Air Magic
  2444 | D:3      | Reached XP level 4. HP: 17/27 MP: 1/11
  2659 | D:2      | Killed from afar by an orc wizard

Action                   |  1- 3 |  4- 6 || total
-------------------------+-------+-------++-------
Melee: Dagger            |    19 |     4 ||    23
       Unarmed           |     7 |       ||     7
 Cast: Shock             |   105 |    17 ||   122
       Static Discharge  |       |     2 ||     2
  Use: Potion            |     2 |       ||     2
       Scroll            |     1 |     1 ||     2
  Eat: Chunk             |     4 |       ||     4
